 Dungeon Crawl Stone Soup version 0.20.1-1-g8b1a95d66d (webtiles) character file.

81 HessuHobo the Shooter (level 4, -4/37 HPs)
             Began as a Centaur Hunter on Nov 17, 2017.
             Was an Initiate of Okawaru.
             Slain by a gnoll
             ... wielding a +0 mace
              (11 damage)
             ... on level 2 of the Dungeon.
             The game lasted 00:07:53 (2336 turns).

HessuHobo the Shooter (Centaur Hunter)              Turns: 2336, Time: 00:07:53

Health: -4/37      AC:  4    Str: 14    XL:     4   Next: 20%
Magic:  4/4        EV:  9    Int: 10    God:    Okawaru [......]
Gold:   116        SH:  0    Dex: 11    Spells: 3/3 levels left

rFire    . . .     SeeInvis .   a - +2 shortbow
rCold    . . .     Gourm    .   (shield currently unavailable)
rNeg     . . .     Faith    .   c - +0 leather armour
rPois    .         Spirit   .   (no helmet)
rElec    .         Reflect  .   (no cloak)
rCorr    .         Harm     .   (no gloves)
MR       .....                  (no barding)
Stlth    +.........             (no amulet)
Regen    0.2/turn               (no ring)
MPRegen  0.1/turn               (no ring)

@: very quick
A: hooves 3, deformed body, speed 2, tough skin 3
a: Renounce Religion


You were on level 2 of the Dungeon.
You worshipped Okawaru.
Okawaru was noncommittal.
You were not hungry.

You visited 1 branch of the dungeon, and saw 3 of its levels.

You collected 116 gold pieces.

Inventory:

Hand Weapons
 a - a +2 shortbow (weapon)
 b - a +0 short sword
Armour
 c - a +0 leather armour (worn)
 s - a +0 leather armour
Jewellery
 n - an uncursed ring of magical power
Scrolls
 j - a scroll of amnesia
 k - 5 scrolls of identify
 l - a scroll of noise
 o - a scroll of enchant weapon
Comestibles
 f - a bread ration
 m - 2 meat rations


   Skills:
 + Level 2.3 Fighting
 * Level 7.2 Bows
 + Level 0.3 Armour
 - Level 1.3 Dodging
 - Level 0.4 Stealth


You had 3 spell levels left.
You didn't know any spells.

Dungeon Overview and Level Annotations

Branches:
Dungeon (3/15)

Altars:
Okawaru

Annotations:
D:3 Sigmund


Innate Abilities, Weirdness & Mutations

You have hooves in place of feet.
Armour fits poorly on your strangely shaped body.
You cover ground very quickly.
You have extremely tough skin. (AC +3)


Message History

Your kick misses the gnoll.
The gnoll is moderately wounded.
The gnoll barely misses you. The gnoll hits you.
You barely miss the gnoll.
The gnoll is moderately wounded.
The gnoll barely misses you.
You closely miss the gnoll.
The gnoll is moderately wounded.
The gnoll closely misses you. The gnoll hits you!
You clumsily bash the gnoll but do no damage.
You kick the gnoll.
The gnoll is heavily wounded.
You clumsily bash the gnoll but do no damage.
You kick the gnoll, but do no damage. The gnoll hits you with a mace.
You clumsily bash the gnoll but do no damage.
The gnoll closely misses you. The gnoll hits you!
* * * LOW HITPOINT WARNING * * *
You clumsily bash the gnoll but do no damage.
Your kick misses the gnoll. The gnoll hits you with a mace!
You die...

...........# #........
.#####...#.# ##...<.## ##
#......########### #.....# #
##...#...........#######.###
##.########.........# #.# #.#
#####.###.###.# #.### #.#
#.........# #.# #...# ##รท##
#.###.###.# #.# ###.# ##...###.#
#@....# #.# #.# ##.....##.#
#g###.# #.# #.## ##.......#.#
#g.##.# #.# #..#
###..........###...#.###.#####...
..'..............................
###..........###>...##########...
##.......#.# #..#.# #..#
##.....##.# #.##.# #.##
##...###.# #.##.# #.#


You could see 2 gnolls.

Vanquished Creatures
  2 gnolls (D:2)
  2 adders (D:2)
  2 worms (D:2)
  A dart slug (D:2)
  A leopard gecko (D:1)
  A giant cockroach (D:2)
  4 goblins
  4 hobgoblins (D:1)
  4 jackals (D:2)
  4 bats
  5 frilled lizards (D:2)
  9 kobolds
  3 rats
42 creatures vanquished.

Notes
Turn   | Place    | Note
-------+----------+-------------------------------------------
     0 | D:1      | HessuHobo the Centaur Hunter began the quest for the Orb.
     0 | D:1      | Reached XP level 1. HP: 17/17 MP: 1/1
   128 | D:1      | Found an iron altar of Okawaru.
   135 | D:1      | Became a worshipper of Warmaster Okawaru
   220 | D:1      | Reached XP level 2. HP: 24/24 MP: 2/2
   272 | D:1      | Reached skill level 6 in Bows
   507 | D:2      | Reached XP level 3. HP: 29/29 MP: 3/3
  1052 | D:2      | Reached skill level 7 in Bows
  1149 | D:3      | Noticed Sigmund
  1854 | D:2      | Reached XP level 4. HP: 26/36 MP: 4/4
  2336 | D:2      | Slain by a gnoll

Skill      XL: |  1  2  3 |
---------------+----------+-----
Bows           | 6 7 |  7.2
Fighting       | |  2.3
Armour         | |  0.3
Dodging        | |  1.3
Stealth        | |  0.4

Action                   |  1- 3 |  4- 6 || total
-------------------------+-------+-------++-------
Melee: Shortbow          |    61 |    51 ||   112
       Kick              |    15 |    15 ||    30
 Fire: Shortbow          |    96 |     5 ||   101
  Use: Scroll            |    10 |       ||    10
       Potion            |     1 |     1 ||     2
  Eat: Bread ration      |     1 |       ||     1
Armor: Leather armour    |    30 |    25 ||    55
Dodge: Dodged            |    48 |    44 ||    92
